 Dungeon Crawl Stone Soup version 0.25-a0-482-g9b3b753f3f (webtiles) character file.

Game seed: 12408176851346540633, levelgen mode: deterministic

728 MirrMurr the Covert (level 7, -1/32 HPs)
             Began as a Spriggan Enchanter on Feb 9, 2020.
             Was a Follower of Ashenzari.
             Slain by a two-headed ogre (13 damage)
             ... on level 5 of the Dungeon on Feb 10, 2020.
             The game lasted 00:14:34 (6200 turns).

MirrMurr the Covert (Spriggan Enchanter)            Turns: 6200, Time: 00:14:35

Health: -1/32      AC:  5    Str:  6    XL:     7   Next: 44%
Magic:  10/14      EV: 17    Int: 16    God:    Ashenzari [*.....]
Gold:   257        SH:  6    Dex: 17    Spells: 5/14 levels left

rFire    + . .     SeeInvis +   a - +2 dagger
rCold    . . .     Gourm    .   h - +0 buckler (curse)
rNeg     . . .     Faith    .   b - +1 robe
rPois    .         Spirit   .   (helmet restricted)
rElec    .         Reflect  .   (no cloak)
rCorr    .         Harm     .   (gloves unavailable)
MR       +....                  (boots unavailable)
Stlth    ++++......             (no amulet)
HPRegen  0.10/turn              n - +2 ring of protection
MPRegen  0.14/turn              o - ring of protection from fire

@: very quick
A: very small, unfitting armour, see invisible, herbivore, speed 3, slow
metabolism 2
a: Curse Item, Scrying, Renounce Religion


You were on level 5 of the Dungeon.
You worshipped Ashenzari.
Ashenzari was aware of your devotion.
You were very hungry.

You visited 2 branches of the dungeon, and saw 6 of its levels.

You collected 257 gold pieces.

Inventory:

Hand Weapons
 a - a +2 dagger (weapon)
Missiles
 j - 121 stones (quivered)
 k - 32 sling bullets
 v - 17 poisoned darts
Armour
 b - a +1 robe (worn)
 h - a cursed +0 buckler (worn)
Jewellery
 n - a +2 ring of protection (left hand)
 o - a ring of protection from fire (right hand)
 s - an uncursed ring of positive energy
Scrolls
 i - a scroll of identify
 l - 4 scrolls of teleportation
 p - a scroll of fear
 r - 2 scrolls of remove curse
 x - a scroll of enchant armour
Potions
 d - a potion of heal wounds
 e - a potion of haste
 f - a potion of brilliance
 g - a potion of magic
 m - 2 potions of invisibility
 q - a potion of flight
 t - a potion of cancellation
 u - a potion of curing
 w - a potion of resistance {unknown}
Comestibles
 c - 9 rations


   Skills:
 - Level 5.0 Short Blades
 - Level 3.0 Dodging
 - Level 8.4 Stealth
 + Level 0.8 Shields
 - Level 4.0 Spellcasting
 * Level 6.2 Hexes


You had 5 spell levels left.
You knew the following spells:

 Your Spells              Type           Power        Failure   Level  Hunger
a - Ensorcelled Hibernat  Hex/Ice        ##....       11%         2    ##.....
b - Confusing Touch       Hex            ###.....     6%          3    ###....
c - Tukima's Dance        Hex            ###.....     6%          3    ###....
C - Corona                Hex            ###....      1%          1    None

Your spell library contained the following spells:

 Spells                   Type           Power        Failure   Level  Hunger
 Dazzling Flash           Conj/Hex       ##....       22%         3    ###....


Dungeon Overview and Level Annotations

Branches:
Dungeon (5/15)             Temple (1/1) D:5

Altars:
Ashenzari
Cheibriados
Dithmenos
Elyvilon
Fedhas
Gozag
Makhleb
Nemelex Xobeh
Okawaru
Qazlal
Ru
Uskayaw
Wu Jian
Xom
Yredelemnul
The Shining One

Shops:
D:4 %


Innate Abilities, Weirdness & Mutations

You are very small and have problems with some larger weapons.
You are too small for most types of armour.
You have supernaturally acute eyesight. (SInv)
You are a herbivore.
You cover ground extremely quickly.
You need to consume almost no food.


Message History

The two-headed ogre looks drowsy...
You are feeling very hungry.
The two-headed ogre shouts in stereo!
You hit the two-headed ogre.
The two-headed ogre is lightly wounded.
You block the two-headed ogre's attack.
The two-headed ogre hits you but does no damage.
Casting: Ensorcelled Hibernation (safe; 11% risk of failure)
Confirm with . or Enter, or press ? or * to list all spells.
Your hands begin to glow red.
You hit the two-headed ogre but do no damage.
The two-headed ogre hits you! The two-headed ogre hits you.
You hit the two-headed ogre but do no damage.
You hit the two-headed ogre but do no damage.
The two-headed ogre hits you!
The two-headed ogre hits you but does no damage.
You hit the two-headed ogre but do no damage.
The two-headed ogre appears confused.
The two-headed ogre barely misses you. The two-headed ogre hits you!
You die...

.###....# ##.## #.......##
##.### #........###
##..#####
#######....########
##.....#### ##
##..........# ##.....##.
.# ###.####...# ##........
.## ### ##.## ###.........
..## #### #.#
##........... #..#####..#
#@# #...#.....##.
#.........# #O#
##.####....##.
...#####'###
#.###.####...####. ..##
#.....### ##...## #..###
## ..####.⌠.⌠.#.####..##
##.## #
#.##.'..>..'..##...####.##
#
#.##.#.⌠.⌠.###......#..##
#.##.#.....###.........#
#....###'####..........###


You could see a two-headed ogre (confused).

Vanquished Creatures
  Menkaure (D:5)
  An ogre (D:3)
  A scorpion (D:5)
  A crimson imp (D:5)
  2 orc wizards
  An orc priest (D:3)
  2 hounds
  Jessica (D:2)
  2 iguanas (D:4)
  2 worker ants (D:4)
  A hound skeleton (D:4)
  6 adders
  3 worms
  5 dart slugs
  2 leopard geckos
  6 orcs
  A ball python (D:1)
  3 giant cockroaches
  2 goblins
  6 hobgoblins
  8 jackals
  10 bats
  6 frilled lizards
  A giant cockroach zombie (D:3)
  9 kobolds
  3 rats
86 creatures vanquished.

Vanquished Creatures (collateral kills)
  An orc (D:5)
1 creature vanquished.

Grand Total: 87 creatures vanquished

Notes
Turn   | Place    | Note
-------+----------+-------------------------------------------
     0 | D:1      | MirrMurr the Spriggan Enchanter began the quest for the
                  | Orb.
     0 | D:1      | Reached XP level 1. HP: 9/9 MP: 5/5
     0 | D:1      | Upgraded the game from 0.25-a0-479-g8579842fd4 to
                  | 0.25-a0-482-g9b3b753f3f
   462 | D:1      | Reached skill level 5 in Stealth
   462 | D:1      | Reached XP level 2. HP: 13/13 MP: 6/6
   466 | D:1      | Learned a level 2 spell: Ensorcelled Hibernation
  1568 | D:2      | Reached XP level 3. HP: 16/16 MP: 5/8
  1577 | D:2      | Learned a level 3 spell: Confusing Touch
  1637 | D:2      | Found a shattered altar of Ashenzari.
  1641 | D:2      | Became a worshipper of Ashenzari the Shackled
  1937 | D:2      | Noticed Jessica
  2007 | D:2      | Reached skill level 6 in Stealth
  2039 | D:2      | Killed Jessica
  2039 | D:2      | Reached XP level 4. HP: 21/21 MP: 4/9
  2769 | D:3      | Reached skill level 7 in Stealth
  2787 | D:3      | Reached XP level 5. HP: 21/24 MP: 7/10
  2792 | D:3      | Learned a level 3 spell: Tukima's Dance
  3779 | D:4      | Noticed an ogre
  4139 | D:3      | Killed an ogre
  4139 | D:3      | Reached skill level 5 in Short Blades
  4139 | D:3      | Reached skill level 8 in Stealth
  4139 | D:3      | Reached XP level 6. HP: 11/28 MP: 2/11
  4361 | D:4      | Found Peemni Juano's Food Boutique.
  4735 | D:4      | Found a stormy altar of Qazlal.
  4863 | D:5      | Entered Level 5 of the Dungeon
  4884 | D:5      | Reached skill level 5 in Hexes
  4884 | D:5      | Reached XP level 7. HP: 31/32 MP: 8/13
  4922 | D:5      | Reached * piety under Ashenzari
  4960 | D:5      | Found a white marble altar of Elyvilon.
  4976 | D:5      | Found a staircase to the Ecumenical Temple.
  4982 | Temple   | Entered the Ecumenical Temple
  5330 | D:5      | Noticed Menkaure
  5335 | D:5      | Killed Menkaure
  5416 | D:5      | Noticed a two-headed ogre
  6200 | D:5      | Slain by a two-headed ogre

Levels and vault maps discovered:
D:1:      wheals_arrival_shading, layout_basic
D:2:      layout_basic, marbit_many_paths, uniq_jessica
D:3:      layout_basic
D:4:      minmay_spotlight, layout_rooms, nicolae_qazlal_eye_of_the_storm,
          first_ration, serial_shops, kennysheep_little_box, dk_noncrumbling_3,
          kennysheep_cross_room
D:5:      layout_layer_cave, lemuel_doored_altar, minmay_temple_entry_hall,
          uniq_menkaure
Temple:   oiseaux_autumnal_temple

Skill      XL: |  1  2  3  4  5  6  7 |
---------------+----------------------+-----
Stealth        | 5 6 7 8 |  8.4
Short Blades   | 2 3 5 |  5.0
Spellcasting   | 3 4 |  4.0
Hexes          | 5 6 |  6.2
Dodging        | |  3.0
Shields        | |  0.8

Action                   |  1- 3 |  4- 6 |  7- 9 || total
-------------------------+-------+-------+-------++-------
Melee: Dagger            |   101 |   219 |    11 ||   331
 Cast: Corona            |     1 |       |       ||     1
       Ensorcelled Hiber |    12 |    39 |     1 ||    52
       Confusing Touch   |     1 |     2 |     2 ||     5
       Tukima's Dance    |       |       |     3 ||     3
  Use: Scroll            |       |    15 |       ||    15
 Stab: Sleeping          |    23 |    27 |     4 ||    54
       Confused          |       |     1 |       ||     1
  Eat: Ration            |       |     3 |       ||     3
Armor: Robe              |    15 |    29 |     2 ||    46
Dodge: Dodged            |    71 |   161 |     1 ||   233
Block: Buckler           |       |     7 |     1 ||     8

Table legend:
 A = Non-vault XP
 B = Vault XP
 C = Vault XP percentage of total XP
 D = Non-vault monster count
 E = Vault monster count
 F = Vault count percentage of total count
                 A         B        C        D         E       F
            +---------+---------+-------+---------+---------+-------
      Total |     818 |     223 |  21.4 |      83 |       4 |   4.6
            +---------+---------+-------+---------+---------+-------
        D:1 |      23 |       0 |   0.0 |      13 |       0 |   0.0
        D:2 |      65 |      38 |  36.9 |      21 |       2 |   8.7
        D:3 |     303 |       0 |   0.0 |      33 |       0 |   0.0
        D:4 |     247 |      13 |   5.0 |      11 |       1 |   8.3
        D:5 |     180 |     172 |  48.9 |       5 |       1 |  16.7
            +---------+---------+-------+---------+---------+-------
